 Dungeon Crawl Stone Soup version 0.29-a0-284-gf9362112df (webtiles) character file.

Game seed: 6645875979041366662

17 sammy202020 the Skirmisher (level 2, -1/19 HPs)
             Began as a Gargoyle Berserker on Mar 14, 2022.
             Was a Follower of Trog.
             Slain by a goblin
             ... wielding a +3 dagger
              (2 damage)
             ... on level 1 of the Dungeon.
             The game lasted 00:00:56 (920 turns).

sammy202020 the Skirmisher (Gargoyle Berserker)      Turns: 920, Time: 00:00:56

Health: -1/19      AC:  5    Str: 20    XL:     2   Next: 62%
Magic:  2/2        EV: 12    Int:  7    God:    Trog [*.....]
Gold:   35         SH:  0    Dex:  9    Spells: 1/1 levels left

rFire   . . .      SeeInvis .   a - +0 mace
rCold   . . .      Faith    .   (no shield)
rNeg    + . .      Spirit   .   b - +0 animal skin
rPois   ∞          Reflect  .   (no helmet)
rElec   +          Harm     .   (no cloak)
rCorr   .          Rampage  .   (no gloves)
Will    .....                   (no boots)
Stlth   +.........              (no amulet)
HPRegen 0.06/turn               (no ring)
MPRegen 0.08/turn               (no ring)

@: no status effects
A: sickness immunity, AC +2, negative energy resistance 1, electricity
resistance, torment resistance 1, petrification resistance
a: Renounce Religion, Berserk


You were on level 1 of the Dungeon.
You worshipped Trog.
Trog was aware of your devotion.
You visited 1 branch of the dungeon, and saw 1 of its levels.

You collected 35 gold pieces.

Inventory:

Hand Weapons
 a - a +0 mace (weapon)
Armour
 b - a +0 animal skin (worn)
Scrolls
 d - a scroll of identify {unknown}
Potions
 c - a potion of attraction {unknown}


   Skills:
 * Level 3.6 Fighting
 * Level 3.2 Maces & Flails
 * Level 2.5 Armour
 + Level 1.7 Dodging


You had one spell level left.
You didn't know any spells.
Your spell library was empty.

Dungeon Overview and Level Annotations

Branches:
Dungeon (1/15)

Altars:


Innate Abilities, Weirdness & Mutations

You are immune to sickness and miasma.
Your stone body is resilient. (AC +2)
You are immune to poison.
You resist negative energy. (rN+)
You are resistant to electric shocks. (rElec)
You are resistant to unholy torment.
You are immune to petrification.


Message History

You hit the goblin.
The goblin is heavily wounded.
The goblin barely misses you.
You barely miss the goblin.
The goblin is heavily wounded.
The hobgoblin closely misses you. The goblin hits you with a +3 dagger.
The goblin barely misses you.
You hit the goblin.
You kill the goblin!
Trog accepts your kill. The hobgoblin completely misses you.
The goblin hits you but does no damage. The ball python misses you.
The ball python grabs you. The ball python constricts you.
The hobgoblin barely misses you. The goblin barely misses you.
The ball python's grasp on you weakens, but your attempt to escape fails.
The ball python barely misses you. The ball python constricts you.
The hobgoblin hits you but does no damage.
The goblin barely misses you.
You escape the ball python's grasp.
The ball python closely misses you. The ball python barely misses you.
The hobgoblin completely misses you.
The ball python attacks as you move away!
The ball python barely misses you. The ball python misses you.
The hobgoblin attacks as you move away! The hobgoblin misses you.
The goblin attacks as you move away! The goblin hits you with a +3 dagger.
The ball python bites you. The ball python barely misses you.
The ball python attacks as you move away!
The ball python bites you. The ball python misses you.
The ball python grabs you. The ball python constricts you.
You barely miss the ball python. The ball python barely misses you.
The ball python constricts you. The goblin hits you with a +3 dagger.
You closely miss the ball python. The ball python bites you.
* * * LOW HITPOINT WARNING * * *
The ball python constricts you. The goblin hits you but does no damage.
The ball python misses you. The ball python constricts you.
You escape the ball python's grasp.
The goblin attacks as you move away! The goblin hits you with a +3 dagger.
* * * LOW HITPOINT WARNING * * *
You fail to use your ability.
The goblin hits you with a +3 dagger.
You die...

##+## ..# #..# #.## #..
#.##.## #.# ###
######...#####÷#######
..............).......
###.#........#.#######
##....#####.#.#
##...#.####....#######
#....#...##.÷.#.......
#.##.@##..#.#......... #.
##g###...##........ # #
###Sg...............
#...#.#..g......###.......
#.....).........# #.......
#...............# #.......
#...#.##........# ########
#...). ########## ....##


You could see a hobgoblin, 2 goblins and a ball python.

Vanquished Creatures
  A bat (D:1)
  An endoplasm (D:1)
  A giant cockroach (D:1)
  A goblin (D:1)
  A hobgoblin (D:1)
  4 jackals (D:1)
  A ball python (D:1)
  A frilled lizard (D:1)
  3 kobolds (D:1)
  2 rats (D:1)
16 creatures vanquished.

Notes
Turn   | Place    | Note
-------+----------+-------------------------------------------
     0 | D:1      | sammy202020 the Gargoyle Berserker began the quest for the
                  | Orb.
     0 | D:1      | Reached XP level 1. HP: 14/14 MP: 1/1
   236 | D:1      | Reached XP level 2. HP: 17/19 MP: 2/2
   920 | D:1      | Slain by a goblin

Illustrated notes

Levels and vault maps discovered:
D:1:      dpeg_arrival_radiant, layout_rooms, shapermc_ecumenical_altar_pompeii,
          roderic_malta_cross, st_stairs_14

Action                   || total
-------------------------++-------
Melee: Mace              ||    60
       Punch             ||     1
Invok: Berserk           ||     1
Armor: Animal skin       ||    43
Dodge: Dodged            ||    58

Table legend: (Time is in decaauts)
 A = Elapsed time spent in this place.
 B = Non-inter-level travel time spent in this place.
 C = Inter-level travel time spent in this place.
 D = Time resting spent in this place.
 E = Time spent auto-exploring this place.
 F = Levels seen in this place.
 G = Mean time per level.
                   A        B        C        D        E       F      G
               +--------+--------+--------+--------+--------+-----+--------+
         Total |    944 |    944 |      0 |      0 |    778 |   1 |  944.0 |
       Dungeon |    944 |    944 |      0 |      0 |    778 |   1 |  944.0 |
               +--------+--------+--------+--------+--------+-----+--------+

Top non-repeatable levels by time:
     D:1: 944 daAuts
